 Dungeon Crawl Stone Soup version 0.20-a0-214-gb74cb0e (webtiles) character file.

395 Lochraine the Firebug (level 6, -8/32 HPs)
             Began as a Tengu Fire Elementalist on Nov 27, 2016.
             Was an Initiate of Sif Muna.
             Killed from afar by an orc wizard (30 damage)
             ... with an exploding inner flame
             ... hexed by the player character
             ... on level 5 of the Dungeon.
             The game lasted 00:12:36 (5671 turns).

Lochraine the Firebug (Tengu Fire Elementalist)     Turns: 5671, Time: 00:12:37

Health: -8/32      AC:  2    Str: 10    XL:     6   Next: 82%
Magic:  4/12       EV: 12    Int: 16    God:    Sif Muna [......]
Gold:   142        SH:  0    Dex: 14    Spells: 3/12 levels left

rFire  . . .     SeeInvis .     m - +0 long sword
rCold  . . .     Gourm    .     a - +0 robe
rNeg   . . .     Faith    .     (no shield)
rPois  .         Spirit   .     (helmet restricted)
rElec  .         Reflect  .     (no cloak)
rCorr  .         Harm     .     (no gloves)
MR     .....                    (boots unavailable)
Stlth  ++........               (no amulet)
                                (no ring)
                                (no ring)

@: no status effects
A: beak, talons 3, able to fly 1
a: Fly, Renounce Religion


You were on level 5 of the Dungeon.
You worshipped Sif Muna.
Sif Muna was noncommittal.
You were hungry.

You visited 1 branch of the dungeon, and saw 5 of its levels.

You collected 142 gold pieces.

Inventory:

Hand Weapons
 f - a +0 dagger
 m - a +0 long sword (weapon)
 n - a +0 mace
Missiles
 g - 217 stones (quivered)
Armour
 a - a +0 robe (worn)
Scrolls
 h - 7 scrolls of identify
 i - a scroll of magic mapping
 j - 3 scrolls of remove curse
 o - a scroll of fog {unknown}
 q - a scroll of fear {unknown}
 v - a scroll of noise {unknown}
Potions
 e - a potion of magic {unknown}
 k - a potion of curing
 l - a potion of flight {unknown}
 p - a potion of mutation {unknown}
 u - a potion of might
Books
 b - a book of Flames

   Spells                             Type                      Level
   a - Flame Tongue                   Conjuration/Fire             1
   b - Throw Flame                    Conjuration/Fire             2
   c - Conjure Flame                  Conjuration/Fire             3
   d - Inner Flame                    Hexes/Fire                   3
   e - Sticky Flame                   Conjuration/Fire             4
   f - Fireball                       Conjuration/Fire             5
 t - a book of Misfortune

   Spells                             Type                      Level
   a - Confusing Touch                Hexes                        1
   b - Confuse                        Hexes                        3
   c - Gell's Gravitas                Hexes/Translocation          3
   d - Petrify                        Transmutation/Earth          4
   e - Metabolic Englaciation         Hexes/Ice                    5
   f - Yara's Violent Unravelling     Hexes/Transmutation          5
Comestibles
 c - 3 bread rations
 d - 3 slices of pizza
 r - a beef jerky
 s - 3 fruits


   Skills:
 - Level 2.1 Dodging
 - Level 2.0 Stealth
 - Level 3.5 Spellcasting
 + Level 5.0 Conjurations
 + Level 0.8 Hexes
 + Level 5.7 Fire Magic


You had 3 spell levels left.
You knew the following spells:

 Your Spells              Type           Power        Failure   Level  Hunger
a - Flame Tongue          Conj/Fire      ###..        1%          1    None
b - Throw Flame           Conj/Fire      ###...       3%          2    ##.....
c - Conjure Flame         Conj/Fire      ###.....     8%          3    ###....
d - Inner Flame           Hex/Fire       ##......     14%         3    ###....


Dungeon Overview and Level Annotations

Branches:
Dungeon (5/15)
 Temple: D:4-7

Altars:
Sif Muna
Yredelemnul

Shops:
D:4 [


Innate Abilities, Weirdness & Mutations

You have a beak for a mouth.
You have claws for feet.
You can fly.


Message History

The orc wizard is almost dead.
Casting: Flame Tongue
Confirm with . or Enter, or press ? or * to list all spells.
Aiming: Flame Tongue
Press: ? - help, Shift-Dir - straight line, f/p - orc wizard
Aim: an orc wizard, wielding a dagger and wearing a robe (almost dead, inner flame)
The flame tongue misses the orc wizard.
The flame tongue hits the orc.
You kill the orc!
Sif Muna accepts your kill. The orc wizard closely misses you.
Casting: Flame Tongue
Confirm with . or Enter, or press ? or * to list all spells.
Aiming: Flame Tongue
Press: ? - help, Shift-Dir - straight line, f/p - orc wizard
Aim: an orc wizard, wielding a dagger and wearing a robe (almost dead, inner flame)
The flame tongue hits the orc wizard.
The orc wizard explodes!
The fiery explosion engulfs you!
Ouch! That really hurt!
You die...

#..............#
#.........####.#
#.........,,,#.####
##.####.##**,#..... #.#
#.# *,#..### #.# #.#
*,#..#** #.# *,*
*,#...,, #.# *,*
*,#..##* #@# *,*
*,....,* #ยง#
*,****###.#,* ***#o#
*,,,,,,,..#,*
***,,..#*************,*
*,,,,...,,,,,,* *,*
*,*,####*****,* *,*
*,*,* *,* *,* *,*,* *,*
*,* *,*,* *,* *,*


You could see an orc.

Vanquished Creatures
  Blork the orc (D:5)
  A centaur zombie (D:5)
  An orc wizard (D:3)
  Ijyb (D:3)
  2 worker ants
  5 adders
  4 gnolls
  A shadow imp (D:4)
  2 oozes (D:1)
  3 worms
  5 leopard geckos
  8 orcs
  A ball python (D:4)
  6 giant cockroaches
  6 goblins
  9 hobgoblins
  3 jackals (D:3)
  8 kobolds
  5 bats
  7 frilled lizards
  5 rats
84 creatures vanquished.

Notes
Turn   | Place    | Note
-------+----------+-------------------------------------------
     0 | D:1      | Lochraine the Tengu Fire Elementalist began the quest for the Orb.
     0 | D:1      | Reached XP level 1. HP: 10/10 MP: 4/4
   601 | D:1      | Reached XP level 2. HP: 13/15 MP: 6/6
  1433 | D:1      | Reached XP level 3. HP: 19/19 MP: 7/7
  1542 | D:1      | Learned a level 2 spell: Throw Flame
  2308 | D:2      | Reached XP level 4. HP: 18/24 MP: 7/9
  2316 | D:2      | Learned a level 3 spell: Conjure Flame
  3327 | D:3      | Noticed Ijyb
  3336 | D:3      | Killed Ijyb
  3336 | D:3      | Gained mutation: You can fly. [Tengu growth]
  3336 | D:3      | Reached XP level 5. HP: 24/28 MP: 0/10
  3988 | D:3      | Reached skill level 5 in Fire Magic
  4139 | D:3      | Reached XP level 6. HP: 6/32 MP: 1/12
  4794 | D:4      | Learned a level 3 spell: Inner Flame
  4963 | D:4      | Found a basalt altar of Yredelemnul.
  5051 | D:4      | Found Ogeut's Armour Shop.
  5112 | D:4      | Noticed a phantom
  5188 | D:5      | Entered Level 5 of the Dungeon
  5511 | D:5      | Noticed Blork the orc
  5526 | D:5      | Killed Blork the orc
  5526 | D:5      | Reached skill level 5 in Conjurations
  5529 | D:5      | Found a deep blue altar of Sif Muna.
  5604 | D:5      | Became a worshipper of Sif Muna the Loreminder
  5671 | D:5      | Killed from afar by an orc wizard

Vault maps used:
D:1:      minmay_arrival_plants_in_alcoves
D:2:      minmay_pentomino_s4
D:3:      first_bread, gup_sewer_entry_pipe, serial_park_tiny_1, uniq_iyjb
D:4:      serial_shops, nicolae_shop_behind_doors, yredelemnul_altar_generic
D:5:      tgw_sif, minivault_1

Skill      XL: |  1  2  3  4  5  6 |
---------------+-------------------+-----
Conjurations   | 2 3 4 5 |  5.0
Fire Magic     | 4 5 |  5.7
Spellcasting   | 3 |  3.5
Dodging        | |  2.1
Stealth        | |  2.0
Hexes          | |  0.8

Action                   |  1- 3 |  4- 6 || total
-------------------------+-------+-------++-------
Melee: Dagger            |    23 |       ||    23
       Peck              |     8 |     3 ||    11
       Kick              |     8 |    15 ||    23
       Mace              |    28 |    12 ||    40
       Long sword        |       |    39 ||    39
Throw: Stone             |     5 |     6 ||    11
 Cast: Flame Tongue      |    30 |    91 ||   121
       Conjure Flame     |       |     2 ||     2
       Throw Flame       |       |     6 ||     6
       Inner Flame       |       |     1 ||     1
  Use: Scroll            |       |     3 ||     3
       Potion            |       |     1 ||     1
 Stab: Sleeping          |     1 |     1 ||     2
       Distracted        |     1 |       ||     1
  Eat: Chunk             |     5 |     9 ||    14
       Beef jerky        |       |     1 ||     1
Armor: Robe              |    18 |    22 ||    40
Dodge: Dodged            |    37 |    74 ||   111
       Rpst.: Long sword |       |    15 ||    15
